[Event "Titled Tuesday Blitz July 4 Early 2023"]
[White "Rustemov, Alexander"]
[Black "Leebit02"]
[WhiteFideId "4119002"]
[WhiteElo "2796"]
[BlackElo "2495"]
[Result "0-1"]
[Round "3"]
[TimeControl "180+2"]
[Date "2023.07.04"]
[WhiteClock "0:00:00"]
[BlackClock "0:00:16"]
[Board "44"]

1. d4 d5 2. c4 e6 3. Nc3 c6 4. e3 Nf6 5. Nf3 Nbd7 6. Qc2 Bd6 7. Bd2 O-O 8. O-O-O dxc4 9. Bxc4 b5 10. Bd3 a5 11. e4 e5 12. dxe5 Nxe5 13. Nxe5 Bxe5 14. f4 Bxc3 15. Bxc3 Qe7 16. Bd4 Nd7 17. e5 c5 18. Bxh7+ Kh8 19. Be4 Ra6 20. Bf2 c4 21. Kb1 Nc5 22. Bxc5 Qxc5 23. Qc3 b4 24. Qd4 Qc7 25. f5 c3 26. bxc3 bxc3 27. Rc1 Rb6+ 28. Ka1 Rb4 29. Qf2 Rxe4 30. Qf3 Qxe5 31. Qxc3 Qxc3+ 32. Rxc3 Bxf5 33. Rc5 Be6 34. Rxa5 Re2 35. g3 Rd8 36. h4 Rdd2 37. a3 Ra2+ 38. Kb1 Reb2+ 39. Kc1 Rb3 40. Rd1 g6 41. Rd4 Raxa3 42. Rxa3 Rxa3 43. g4 Rc3+ 44. Kd2 Rc4 45. Rd8+ Kg7 46. h5 Rxg4 47. hxg6 Kxg6 48. Ke3 Rg5 49. Kf4 Rg4+ 50. Ke5 Kg7 51. Rb8 Rg5+ 52. Kf4 Rf5+ 53. Ke4 Kf6 54. Rd8 Re5+ 55. Kf4 Rd5 56. Rh8 Rd4+ 57. Ke3 Ra4 58. Rh6+ Ke5 59. Rh5+ f5 60. Rh8 f4+ 61. Kf2 Ra2+ 62. Kf3 Bd5+ 63. Kg4 Rg2+ 64. Kh3 f3 65. Re8+ Kd4 66. Rf8 Ke3 67. Re8+ Be4 68. Rf8 f2 69. Rf6 Rg6 70. Rf8 Ke2 71. Kh2 f1=Q 72. Rf2+ Qxf2+ 0-1


[Site "https://www.chess.com"]

[Event "Titled Tuesday Blitz July 4 Early 2023"]
[White "Jimenez Jimenez, Leandro"]
[Black "Harsh Suresh"]
[WhiteFideId "6415253"]
[BlackFideId "45018464"]
[WhiteElo "2454"]
[BlackElo "2792"]
[Result "1-0"]
[Round "3"]
[TimeControl "180+2"]
[Date "2023.07.04"]
[WhiteClock "0:00:07"]
[BlackClock "0:00:03"]
[Board "45"]

1. d4 d6 2. c4 e5 3. Nf3 e4 4. Ng5 f5 5. h4 Be7 6. Nc3 Nf6 7. g3 O-O 8. Bg2 c6 9. d5 h6 10. Nh3 Nbd7 11. O-O Ne5 12. b3 cxd5 13. Nxd5 Be6 14. Nxe7+ Qxe7 15. Nf4 Bf7 16. Bb2 Rfd8 17. Qd4 Nc6 18. Qc3 Rac8 19. Rad1 a6 20. Nd5 Bxd5 21. cxd5 Ne5 22. Qb4 Rc5 23. Bxe5 Qxe5 24. Qxb7 a5 25. Rc1 Qxd5 26. Qb6 Rdc8 27. Rcd1 Qc6 28. Rxd6 Qxb6 29. Rxb6 Rc2 30. Bh3 R8c5 31. a3 Rxe2 32. b4 axb4 33. axb4 Rd5 34. Rb8+ Kh7 35. b5 Rb2 36. b6 g5 37. Rc1 g4 38. Bf1 Nd7 39. Rc7 Kg6 40. Rg8+ Kf6 41. b7 Rd1 42. Rxd7 Rxd7 43. b8=Q Rxb8 44. Rxb8 Rd2 45. Rb6+ Kg7 46. h5 Kh7 47. Bc4 Rc2 48. Bf7 Rc1+ 49. Kg2 Kg7 50. Bg6 Rc5 51. Rb7+ Kf6 52. Rf7+ Kg5 53. Rf8 Rb5 54. Rg8 Rb2 55. Be8+ Kf6 56. Rg6+ Ke7 57. Bc6 e3 58. Rxh6 Rxf2+ 59. Kg1 Rc2 60. Bb5 Rb2 61. Bd3 Rd2 62. Ba6 Ra2 63. Rg6 Kf8 64. Bc4 Rc2 65. Ba6 Ra2 66. h6 Kf7 67. Rb6 Kg8 68. Bc4+ 1-0


[Site "https://www.chess.com"]

[Event "Titled Tuesday Blitz July 4 Early 2023"]
[White "Kaasen, Tor Fredrik"]
[Black "Rosh Jain"]
[WhiteFideId "1516647"]
[BlackFideId "25789465"]
[WhiteElo "2787"]
[BlackElo "2353"]
[Result "1-0"]
[Round "3"]
[TimeControl "180+2"]
[Date "2023.07.04"]
[WhiteClock "0:00:16"]
[BlackClock "0:00:00"]
[Board "46"]

1. e4 c5 2. Nf3 d6 3. Bb5+ Nd7 4. d4 cxd4 5. Qxd4 Nf6 6. O-O a6 7. Bxd7+ Bxd7 8. c4 g6 9. Nc3 Bg7 10. h3 O-O 11. Qd3 Rc8 12. Be3 Be6 13. b3 Nd7 14. Nd4 Nc5 15. Qd2 Bd7 16. Rac1 b5 17. cxb5 axb5 18. b4 Bxd4 19. Bxd4 Na4 20. Nd5 Be6 21. Rxc8 Bxc8 22. h4 Bb7 23. h5 e5 24. Be3 f6 25. Rd1 Rf7 26. Qd3 Nb2 27. Qd2 Nxd1 28. Qxd1 g5 29. Nc3 Bc6 30. h6 f5 31. exf5 Rxf5 32. Qg4 Qf6 33. a4 bxa4 34. Qc4+ d5 35. Nxd5 Bxd5 36. Qxd5+ Qf7 37. Qd8+ Qf8 38. Qd5+ Kh8 39. Bc5 Qg8 40. Qd7 Rf6 41. b5 Rxh6 42. b6 Rxb6 43. Bxb6 a3 44. Qe7 h6 45. Qxe5+ Kh7 46. Qe7+ Kg6 47. Qxa3 Qe6 48. Qd3+ Kh5 49. Qh3+ Qxh3 50. gxh3 Kh4 51. Kg2 h5 52. Be3 g4 53. hxg4 hxg4 54. Bf4 1-0


[Site "https://www.chess.com"]

[Event "Titled Tuesday Blitz July 4 Early 2023"]
[White "Dwilewicz, Katarzyna"]
[Black "Fier, Alexandr"]
[WhiteFideId "1148486"]
[BlackFideId "2107139"]
[WhiteElo "2350"]
[BlackElo "2781"]
[Result "0-1"]
[Round "3"]
[TimeControl "180+2"]
[Date "2023.07.04"]
[WhiteClock "0:00:02"]
[BlackClock "0:01:30"]
[Board "47"]

1. e4 Nf6 2. e5 Nd5 3. c4 Nb6 4. d4 d6 5. exd6 exd6 6. Nc3 Nc6 7. Be3 Be7 8. Be2 O-O 9. Nf3 Bg4 10. b3 Bf6 11. O-O d5 12. c5 Nc8 13. h3 Bxf3 14. Bxf3 N8e7 15. Qd2 b6 16. Na4 Nf5 17. Nc3 Ncxd4 18. Bxd5 c6 19. Be4 bxc5 20. Rad1 Re8 21. f3 Nxe3 22. Qxe3 Qa5 23. Na4 Rad8 24. Rc1 Nf5 25. Qf4 Bd4+ 26. Kh1 Ne3 27. Rfe1 Qd2 28. Qg3 Be5 29. Qg5 Bd4 30. Rcd1 Qxd1 31. Rxd1 Nxd1 32. Nxc5 h6 33. Qc1 Nf2+ 34. Kh2 Be5+ 35. f4 Rd1 36. Qe3 Bd4 37. Qf3 Bxc5 38. Bc2 Rd2 39. Bf5 Bd6 40. Qxc6 Bxf4+ 41. g3 Ng4+ 42. Kh1 Re1# 0-1


[Site "https://www.chess.com"]

[Event "Titled Tuesday Blitz July 4 Early 2023"]
[White "Tristan, Leonardo"]
[Black "Samarth J Rao"]
[WhiteFideId "113816"]
[BlackFideId "46652370"]
[WhiteElo "2774"]
[BlackElo "2253"]
[Result "1-0"]
[Round "3"]
[TimeControl "180+2"]
[Date "2023.07.04"]
[WhiteClock "0:01:41"]
[BlackClock "0:01:22"]
[Board "48"]

1. d4 e6 2. Nf3 d5 3. Bf4 Bd6 4. e3 Bxf4 5. exf4 Qd6 6. Qd2 c5 7. dxc5 Qxc5 8. Nc3 Nf6 9. Bd3 O-O 10. O-O Nc6 11. Rfe1 a6 12. a3 b5 13. Ne5 Bb7 14. Ne2 Rad8 15. Nxc6 Bxc6 16. Nd4 Bb7 17. c3 Ne4 18. Qe3 Qc7 19. f3 Nc5 20. Bc2 Nd7 21. g3 Rfe8 22. Qd3 Nf8 23. Re5 f6 24. Rh5 g6 25. Rh4 e5 26. fxe5 fxe5 27. Ne2 e4 28. fxe4 dxe4 29. Qe3 Qd6 30. Bb3+ Kg7 31. Rd1 Qe5 32. Rf1 h5 33. Rf7+ Kg8 34. Rxb7+ Ne6 35. Qh6 Qf6 36. Qh7+ Kf8 37. Rf4 Nxf4 38. Qg8# 1-0


[Site "https://www.chess.com"]

[Event "Titled Tuesday Blitz July 4 Early 2023"]
[White "Deac, Bogdan-Daniel"]
[Black "Schut, Han"]
[WhiteFideId "1226380"]
[BlackFideId "1005561"]
[WhiteElo "3007"]
[BlackElo "2298"]
[Result "1-0"]
[Round "3"]
[TimeControl "180+2"]
[Date "2023.07.04"]
[WhiteClock "0:01:14"]
[BlackClock "0:00:00"]
[Board "49"]

1. b3 e5 2. Bb2 Nc6 3. Nf3 Bd6 4. c4 Qe7 5. d3 f5 6. Nc3 Nf6 7. g3 e4 8. Nh4 g6 9. dxe4 Nxe4 10. Bg2 Nxc3 11. Bxc3 Bb4 12. Rc1 Bxc3+ 13. Rxc3 O-O 14. c5 Qe5 15. Qd5+ Kg7 16. Qxe5+ Nxe5 17. O-O c6 18. Rd1 Nf7 19. e4 fxe4 20. Bxe4 Rd8 21. Rcd3 Ng5 22. Bg2 Ne6 23. Rc3 b6 24. cxb6 axb6 25. a4 Bb7 26. Rd6 1-0


[Site "https://www.chess.com"]

[Event "Titled Tuesday Blitz July 4 Early 2023"]
[White "Kamsky, Gata"]
[Black "Ozdemir, Serhan Berat"]
[WhiteFideId "2000024"]
[BlackFideId "6374611"]
[WhiteElo "3000"]
[BlackElo "2621"]
[Result "1-0"]
[Round "3"]
[TimeControl "180+2"]
[Date "2023.07.04"]
[WhiteClock "0:01:34"]
[BlackClock "0:00:06"]
[Board "50"]

1. d4 Nf6 2. Nf3 g6 3. Bf4 Bg7 4. c3 O-O 5. h3 d6 6. e3 c5 7. dxc5 dxc5 8. Qxd8 Rxd8 9. Nbd2 Nc6 10. Bc7 Re8 11. Bh2 Bf5 12. g4 Be6 13. Ng5 Bd7 14. Bc4 e6 15. O-O-O Na5 16. Be2 Bc6 17. Bf3 Rac8 18. Bxc6 Rxc6 19. Nge4 Nd5 20. Nd6 Rd8 21. N2c4 Nxc4 22. Nxc4 f5 23. gxf5 gxf5 24. Rhg1 Kf7 25. Ne5+ Bxe5 26. Bxe5 Rd7 27. Rg7+ Ke8 28. Rxd7 Kxd7 29. c4 1-0


[Site "https://www.chess.com"]

[Event "Titled Tuesday Blitz July 4 Early 2023"]
[White "Pranav, V"]
[Black "Skliarov, Viktor"]
[WhiteFideId "25060783"]
[BlackFideId "14106736"]
[WhiteElo "2997"]
[BlackElo "2617"]
[Result "1-0"]
[Round "3"]
[TimeControl "180+2"]
[Date "2023.07.04"]
[WhiteClock "0:00:17"]
[BlackClock "0:00:02"]
[Board "51"]

1. e4 c5 2. Nf3 Nc6 3. Bb5 e6 4. Bxc6 bxc6 5. O-O Ne7 6. d3 Ng6 7. Ng5 Be7 8. Qh5 Bxg5 9. Bxg5 f6 10. Be3 d6 11. f4 O-O 12. Nd2 Rb8 13. b3 Qe8 14. Rae1 Ba6 15. Kh1 Rf7 16. Qh3 Bc8 17. Nc4 Qf8 18. Qg3 e5 19. f5 Nh8 20. c3 Ba6 21. Nb2 Rd7 22. Rf3 Nf7 23. h3 d5 24. Na4 d4 25. Bd2 dxc3 26. Bxc3 Rbd8 27. Nb2 c4 28. bxc4 Qa3 29. d4 exd4 30. Bxd4 Qd6 31. Qxd6 Rxd6 32. Bc3 Ne5 33. Bxe5 fxe5 34. Ra3 c5 35. Ree3 Rd2 36. Rxa6 Rxb2 37. Rxa7 Rf8 38. Rc7 Rf7 39. Rxc5 Rxa2 40. Rxe5 h6 41. Rc3 1-0


[Site "https://www.chess.com"]

[Event "Titled Tuesday Blitz July 4 Early 2023"]
[White "Janaszak, Dawid"]
[Black "Paravyan, David"]
[WhiteFideId "1119206"]
[BlackFideId "4194985"]
[WhiteElo "2589"]
[BlackElo "2985"]
[Result "1/2-1/2"]
[Round "3"]
[TimeControl "180+2"]
[Date "2023.07.04"]
[WhiteClock "0:00:07"]
[BlackClock "0:01:00"]
[Board "52"]

1. e4 e5 2. d4 exd4 3. Nf3 Bc5 4. Nxd4 Nf6 5. Nc3 O-O 6. Nb3 Bb6 7. Bg5 d5 8. Qf3 dxe4 9. Nxe4 Re8 10. Bd3 Bxf2+ 11. Kf1 Rxe4 12. Bxe4 Bb6 13. Rd1 Nbd7 14. Bxf6 Qxf6 15. Qxf6 gxf6 16. Bf5 Nf8 17. Rd8 Bxf5 18. Rxa8 Bxc2 19. Ke2 Kg7 20. Rc1 Be4 21. g3 Ne6 22. a4 Bd5 23. a5 Bxb3 24. axb6 axb6 25. Rb8 Bd5 26. Rd1 Bc6 27. Kf2 f5 28. h3 Ng5 29. h4 Ne4+ 30. Ke3 Kf6 31. g4 fxg4 32. Kf4 g3 33. Rg8 Nf2 34. Rf1 Ne4 35. Rxg3 Nxg3 36. Kxg3+ Kg6 37. Kf4 f6 38. Re1 h6 39. Re7 Kh5 40. Rxc7 Kxh4 41. Rf7 h5 42. Rxf6 Kh3 43. Rh6 h4 44. Kg5 Kg3 45. Rxh4 Kf3 46. Rb4 b5 47. Kf6 Ke3 48. Ke5 Kd3 49. Kd6 Kc2 50. Kc5 Kc1 51. Rxb5 Bxb5 52. Kxb5 Kxb2 53. Kb6 Kb3 54. Kxb7 1/2-1/2


[Site "https://www.chess.com"]

[Event "Titled Tuesday Blitz July 4 Early 2023"]
[White "Subelj, Jan"]
[Black "Khismatullin, Denis"]
[WhiteFideId "14618583"]
[BlackFideId "4142578"]
[WhiteElo "2611"]
[BlackElo "2977"]
[Result "0-1"]
[Round "3"]
[TimeControl "180+2"]
[Date "2023.07.04"]
[WhiteClock "0:00:00"]
[BlackClock "0:00:35"]
[Board "53"]

1. e4 c5 2. Nf3 e6 3. d3 Nc6 4. Nbd2 Nf6 5. Be2 d5 6. O-O g6 7. c3 Qc7 8. exd5 Nxd5 9. Ne4 f5 10. Ned2 e5 11. Re1 Bg7 12. d4 cxd4 13. cxd4 e4 14. Bc4 Nce7 15. Ne5 O-O 16. Qb3 Be6 17. f3 e3 18. Rxe3 b5 19. Bxb5 Rab8 20. Nxg6 Bxd4 21. Nxf8 Bxe3+ 22. Kh1 Kxf8 23. Qd3 a6 24. Bxa6 Rb4 25. Nc4 Bxc1 26. Rxc1 Qc6 27. Qa3 Rb6 28. b3 Rxa6 29. Qb2 Ng6 30. Re1 Qc7 31. Qe2 Rc6 32. Qb2 Kg8 33. a4 Ndf4 34. Qd2 Bxc4 35. bxc4 Qd6 36. Qa5 Kg7 37. Qxf5 Rc5 0-1


[Site "https://www.chess.com"]

[Event "Titled Tuesday Blitz July 4 Early 2023"]
[White "Xiong, Jeffery"]
[Black "Krstulovic, Alex"]
[WhiteFideId "2047640"]
[BlackFideId "760056"]
[WhiteElo "2923"]
[BlackElo "2586"]
[Result "1-0"]
[Round "3"]
[TimeControl "180+2"]
[Date "2023.07.04"]
[WhiteClock "0:02:08"]
[BlackClock "0:00:02"]
[Board "54"]

1. e4 e5 2. Nf3 Nf6 3. Nc3 Nc6 4. d4 exd4 5. Nxd4 Bb4 6. Nxc6 bxc6 7. Bd3 O-O 8. O-O d5 9. exd5 cxd5 10. h3 c6 11. Qf3 Be6 12. Bf4 Bd6 13. Ne2 h6 14. Rfd1 Re8 15. c4 Rb8 16. b3 a5 17. Nd4 Qc7 18. Bxh6 Be5 19. Be3 dxc4 20. bxc4 Rbd8 21. Nxe6 Rxe6 22. Rab1 c5 23. Rb7 Qc8 24. Rb5 Bd4 25. Bf5 Rxe3 26. fxe3 Bxe3+ 27. Kh2 Qc7+ 28. g3 Rxd1 29. Qxd1 g6 30. Bc2 Nh5 31. Qf3 Nxg3 32. Rb7 Nf1+ 33. Kg2 Qh2+ 34. Kxf1 Qg1+ 35. Ke2 1-0


[Site "https://www.chess.com"]

[Event "Titled Tuesday Blitz July 4 Early 2023"]
[White "Zhigalko, Sergei"]
[Black "Kim, Sergey"]
[WhiteFideId "13502956"]
[BlackFideId "13700570"]
[WhiteElo "2896"]
[BlackElo "2572"]
[Result "1-0"]
[Round "3"]
[TimeControl "180+2"]
[Date "2023.07.04"]
[WhiteClock "0:02:35"]
[BlackClock "0:01:55"]
[Board "55"]

1. e4 e5 2. Nf3 Nc6 3. Bc4 Bc5 4. b4 Bxb4 5. c3 Ba5 6. d4 d6 7. Qb3 Qd7 8. O-O Bb6 9. Nbd2 Na5 10. Qc2 Nxc4 11. Nxc4 f6 12. a4 Qf7 13. Qd3 Be6 14. Nfd2 a6 15. d5 Bc8 16. Nxb6 cxb6 17. Nc4 Qc7 18. Ba3 1-0


[Site "https://www.chess.com"]

[Event "Titled Tuesday Blitz July 4 Early 2023"]
[White "Ter-Sahakyan, Samvel"]
[Black "Ambartsumova, Karina"]
[WhiteFideId "13302531"]
[BlackFideId "4166299"]
[WhiteElo "2875"]
[BlackElo "2570"]
[Result "1-0"]
[Round "3"]
[TimeControl "180+2"]
[Date "2023.07.04"]
[WhiteClock "0:00:20"]
[BlackClock "0:00:03"]
[Board "56"]

1. d4 Nf6 2. c4 e6 3. Nf3 d5 4. g3 dxc4 5. Bg2 Nc6 6. O-O Rb8 7. a4 a6 8. a5 Bb4 9. Na3 Bxa5 10. Nxc4 Bb4 11. e4 O-O 12. e5 Nd5 13. Ng5 h6 14. Ne4 b5 15. Ne3 Nce7 16. Nxd5 Nxd5 17. Qg4 Kh8 18. Qh5 f5 19. exf6 Nxf6 20. Nxf6 Qxf6 21. Be3 a5 22. Rfc1 Rf7 23. Rc2 Kg8 24. Be4 Bb7 25. Bxb7 Rxb7 26. Rc6 Qf5 27. Qe2 a4 28. Bf4 Re7 29. Rac1 Qd5 30. Bxc7 Qxd4 31. Be5 Qd5 32. Rc8+ Kf7 33. Rd1 Qb3 34. Rd3 Qa2 35. Qh5+ g6 36. Rf3# 1-0


[Site "https://www.chess.com"]

[Event "Titled Tuesday Blitz July 4 Early 2023"]
[White "Perez Candelario, Manuel"]
[Black "Galchenko, Matvey"]
[WhiteFideId "2210622"]
[BlackFideId "24175480"]
[WhiteElo "2569"]
[BlackElo "2870"]
[Result "0-1"]
[Round "3"]
[TimeControl "180+2"]
[Date "2023.07.04"]
[WhiteClock "0:00:00"]
[BlackClock "0:00:03"]
[Board "57"]

1. e4 e6 2. d4 d5 3. Nc3 Bb4 4. exd5 exd5 5. Bd3 Nc6 6. a3 Ba5 7. Nf3 Nge7 8. O-O O-O 9. h3 Bxc3 10. bxc3 Bf5 11. Re1 Re8 12. Bf4 f6 13. c4 Bxd3 14. Qxd3 dxc4 15. Qxc4+ Qd5 16. Qd3 Qd7 17. Qb3+ Kh8 18. Qxb7 Nxd4 19. Nxd4 Qxd4 20. Bg3 Nf5 21. Qxc7 Rec8 22. Qf4 Qxf4 23. Bxf4 Rxc2 24. Red1 Rc4 25. Bh2 Nd4 26. Kf1 Rac8 27. g4 Kg8 28. Kg2 Kf7 29. Rd3 Ra4 30. Rb1 Re8 31. Bd6 Ne6 32. Rb7+ Kg6 33. Re3 h5 34. f3 Rd4 35. Bg3 Rd2+ 36. Kf1 a5 37. Ra7 Rd5 38. f4 hxg4 39. hxg4 Kh7 40. f5 Nc7 41. Rxe8 Nxe8 42. Be1 Rd4 43. Bxa5 Rxg4 44. Ke2 Nd6 45. Bb4 Nxf5 46. Kd3 Kh6 47. Bf8 Rd4+ 48. Kc3 Rd8 49. a4 Rxf8 50. a5 Rc8+ 51. Kd3 Nd6 52. Rd7 Nb5 0-1


[Site "https://www.chess.com"]

[Event "Titled Tuesday Blitz July 4 Early 2023"]
[White "Roebers, Eline"]
[Black "Gholami Orimi, Mahdi"]
[WhiteFideId "1058401"]
[BlackFideId "12558486"]
[WhiteElo "2563"]
[BlackElo "2850"]
[Result "0-1"]
[Round "3"]
[TimeControl "180+2"]
[Date "2023.07.04"]
[WhiteClock "0:00:01"]
[BlackClock "0:00:05"]
[Board "58"]

1. e4 c5 2. Nf3 d6 3. d4 cxd4 4. Nxd4 Nf6 5. Nc3 Nc6 6. Nd5 e6 7. Nxf6+ gxf6 8. Nb5 a6 9. Nc3 b5 10. a4 b4 11. Ne2 Bb7 12. Nd4 Qa5 13. Be3 Be7 14. f3 h5 15. Qd2 h4 16. Be2 Rg8 17. O-O Rc8 18. Nb3 Qh5 19. f4 Qh7 20. f5 Ne5 21. Nd4 Bxe4 22. Rf2 Qg7 23. fxe6 Bxg2 24. exf7+ Nxf7 25. Nf5 Qh7 26. Rxg2 Rxg2+ 27. Kxg2 Qxf5 28. Bd3 h3+ 29. Kg1 Qg4+ 30. Kh1 Ne5 31. Rf1 b3 32. Bf5 Qc4 33. Qf2 Qd5+ 34. Kg1 Rxc2 35. Bxc2 bxc2 36. Qg3 Qd1 37. Qxh3 d5 38. Qc8+ Kf7 39. Qf5 d4 40. Bf4 Ng6 41. Bh6 d3 42. Qd5+ Ke8 43. Qc6+ Kd8 44. Qa8+ Kc7 45. Qa7+ Kd6 46. Qb6+ Kd5 47. Qb7+ Ke6 48. Qc6+ Kf7 49. Qd5+ Ke8 50. Qg8+ Kd7 51. Qd5+ Bd6 52. Qf7+ Ne7 53. Qxf6 Qg4+ 54. Kh1 Qe4+ 55. Qf3 Qh4 56. Bd2 Qxh2# 0-1


[Site "https://www.chess.com"]

[Event "Titled Tuesday Blitz July 4 Early 2023"]
[White "lagarto93"]
[Black "Talibov, Shiroghlan"]
[BlackFideId "13429078"]
[WhiteElo "2555"]
[BlackElo "2797"]
[Result "0-1"]
[Round "3"]
[TimeControl "180+2"]
[Date "2023.07.04"]
[WhiteClock "0:00:00"]
[BlackClock "0:00:07"]
[Board "59"]

1. e4 c5 2. Nf3 d6 3. d4 cxd4 4. Nxd4 Nf6 5. Nc3 a6 6. Bc4 b5 7. Bb3 e6 8. O-O Bb7 9. Re1 Qc8 10. Qf3 Nc6 11. Nxc6 Bxc6 12. a3 Be7 13. Qg3 O-O 14. Bh6 Ne8 15. Rad1 Kh8 16. Bg5 Nf6 17. Qh4 Qc7 18. Rd3 Ng8 19. Bxe7 Nxe7 20. Red1 Rad8 21. Rh3 h6 22. Qg5 Ng6 23. Bxe6 fxe6 24. Qxg6 Rf6 25. Qg3 Qf7 26. f3 d5 27. exd5 exd5 28. Ne2 Re8 29. Nd4 Bd7 30. Rh4 Qe7 31. Rh5 Bc8 32. Kf1 Qc5 33. Re5 Ref8 34. c3 a5 35. Rde1 b4 36. Re7 R6f7 37. Rxf7 Rxf7 38. axb4 axb4 39. Re8+ Kh7 40. Qe1 bxc3 41. Qxc3 Ba6+ 42. Kf2 Qa7 43. Qe3 Rb7 44. b3 Rc7 45. Qe5 Rf7 46. Qe3 Qc7 47. Ne6 Qc2+ 48. Kg3 Qg6+ 49. Kf2 Qc2+ 50. Kg3 Bb5 51. Nf8+ Kg8 52. Ra8 Qc6 0-1


[Site "https://www.chess.com"]

[Event "Titled Tuesday Blitz July 4 Early 2023"]
[White "Rottenwohrer Suarez, Juan"]
[Black "Dvirnyy, Danyyil"]
[WhiteFideId "32068182"]
[BlackFideId "817570"]
[WhiteElo "2504"]
[BlackElo "2761"]
[Result "0-1"]
[Round "3"]
[TimeControl "180+2"]
[Date "2023.07.04"]
[WhiteClock "0:00:00"]
[BlackClock "0:00:25"]
[Board "60"]

1. c4 g6 2. Nf3 Bg7 3. g3 c5 4. Bg2 Nc6 5. O-O e6 6. Nc3 Nge7 7. d4 cxd4 8. Nb5 d5 9. Nfxd4 O-O 10. Nxc6 bxc6 11. Nc3 Ba6 12. cxd5 cxd5 13. Bg5 h6 14. Bf4 Rc8 15. Qa4 Qb6 16. Rab1 Nf5 17. Rfd1 Rc4 18. Qa3 Rfc8 19. e4 dxe4 20. Nxe4 Rc2 21. Rd2 Rc1+ 22. Rd1 Rxb1 23. Rxb1 Rc2 24. g4 e5 25. Be3 Nxe3 26. Qxe3 Qxe3 27. fxe3 f5 28. gxf5 gxf5 29. Nd6 f4 30. exf4 exf4 31. Bd5+ Kf8 32. Nf5 Bxb2 33. Be4 Rd2 34. Re1 Be2 35. Kf2 Bg4+ 36. Kg1 h5 37. Nh4 Bd4+ 38. Kh1 Bf2 39. Rf1 Bxh4 0-1


[Site "https://www.chess.com"]

[Event "Titled Tuesday Blitz July 4 Early 2023"]
[White "Williams, Simon K"]
[Black "Karamsetty, Jeevan"]
[WhiteFideId "404454"]
[BlackFideId "2025337"]
[WhiteElo "2691"]
[BlackElo "2538"]
[Result "1-0"]
[Round "3"]
[TimeControl "180+2"]
[Date "2023.07.04"]
[WhiteClock "0:00:45"]
[BlackClock "0:00:01"]
[Board "61"]

1. f4 d5 2. e3 c5 3. Nf3 Nc6 4. Bb5 g6 5. O-O Bg7 6. d3 Nf6 7. Ne5 Bd7 8. Bxc6 bxc6 9. Nd2 O-O 10. b3 a5 11. a4 d4 12. e4 Nh5 13. Ndc4 Bxe5 14. fxe5 Be6 15. Bh6 Re8 16. Qf3 Qc7 17. g4 Ng7 18. Qg3 Rf8 19. Rf2 Bxc4 20. bxc4 Qd7 21. Raf1 Qe6 22. Bc1 h5 23. h3 Rab8 24. Ba3 Rb4 25. Bxb4 cxb4 26. Qf4 c5 27. Qg5 Kh7 28. Kh2 hxg4 29. hxg4 Kg8 30. Kg3 f5 31. exf6 exf6 32. Rxf6 Rxf6 33. Qxf6 Qe8 34. Qd6 Ne6 35. Rf6 1-0


[Site "https://www.chess.com"]

[Event "Titled Tuesday Blitz July 4 Early 2023"]
[White "Lorparizangeneh, Shahin"]
[Black "Kovalevsky, Stanislav"]
[WhiteFideId "12521604"]
[BlackFideId "13508598"]
[WhiteElo "2690"]
[BlackElo "2469"]
[Result "0-1"]
[Round "3"]
[TimeControl "180+2"]
[Date "2023.07.04"]
[WhiteClock "0:00:57"]
[BlackClock "0:01:38"]
[Board "62"]

1. e4 e6 2. d4 d5 3. e5 c5 4. c3 Nc6 5. Nf3 cxd4 6. cxd4 f6 7. Bd3 fxe5 8. Nxe5 Nxe5 9. dxe5 Bb4+ 10. Kf1 Ne7 11. Bg5 O-O 12. Qh5 g6 13. Qh4 Bc5 14. Bf6 Qb6 15. Nd2 Qxb2 16. Rd1 Nf5 17. Qg5 Qd4 0-1


[Site "https://www.chess.com"]

[Event "Titled Tuesday Blitz July 4 Early 2023"]
[White "Grossboss19"]
[Black "Amburgy, Ryan"]
[BlackFideId "30924820"]
[WhiteElo "2421"]
[BlackElo "2685"]
[Result "0-1"]
[Round "3"]
[TimeControl "180+2"]
[Date "2023.07.04"]
[WhiteClock "0:00:00"]
[BlackClock "0:00:36"]
[Board "63"]

1. c4 e6 2. Nc3 Nf6 3. e4 c5 4. Nf3 Nc6 5. d4 cxd4 6. Nxd4 Bb4 7. Nxc6 bxc6 8. Bd3 Bxc3+ 9. bxc3 Qa5 10. Qc2 Ba6 11. O-O O-O 12. Re1 d6 13. c5 Bxd3 14. Qxd3 Qxc5 15. Be3 Qa3 16. Rad1 Rfd8 17. e5 Nd5 18. Bg5 Rd7 19. exd6 Qxc3 20. Qxc3 Nxc3 21. Rc1 Nb5 22. Rxc6 Rxd6 23. Rxd6 Nxd6 24. Rd1 Ne4 25. Be3 Nf6 26. Bxa7 h6 27. Bd4 Rxa2 28. Bxf6 gxf6 29. h4 f5 30. g3 Ra4 31. Kg2 f4 32. Kf3 fxg3 33. fxg3 Kg7 34. Rd3 e5 35. Re3 Kf6 36. Rb3 Ra6 37. Ke4 Ke6 38. Kf3 f5 39. g4 f4 40. Ke4 Ra4+ 41. Kf3 Kd5 42. Rb5+ Kd4 43. Rb3 Rc4 44. g5 hxg5 45. hxg5 Rc1 46. Rb4+ Kc5 47. Rb8 Rg1 48. Rg8 Kd5 49. g6 Rg3+ 50. Kf2 Ke6 0-1


[Site "https://www.chess.com"]

[Event "Titled Tuesday Blitz July 4 Early 2023"]
[White "Timerkhanov, Alexander"]
[Black "Romero Ruscalleda, Josep"]
[WhiteFideId "24177938"]
[BlackFideId "2231859"]
[WhiteElo "2675"]
[BlackElo "2421"]
[Result "1-0"]
[Round "3"]
[TimeControl "180+2"]
[Date "2023.07.04"]
[WhiteClock "0:02:08"]
[BlackClock "0:00:08"]
[Board "64"]

1. d4 g6 2. e4 Bg7 3. Nc3 d6 4. Bg5 a6 5. a4 Nc6 6. d5 Na7 7. h4 h6 8. Be3 c5 9. Be2 Bd7 10. a5 Nb5 11. Nxb5 axb5 12. c3 Rxa5 13. Rc1 Nf6 14. Qc2 O-O 15. f4 Qa8 16. h5 gxh5 17. Bxh5 Nxh5 18. Rxh5 Ra1 19. f5 Rxc1+ 20. Qxc1 Qa4 21. Bxh6 Qxe4+ 22. Ne2 Qxg2 23. Bxg7 Bxf5 24. Rh8+ 1-0


[Site "https://www.chess.com"]

[Event "Titled Tuesday Blitz July 4 Early 2023"]
[White "Fakhrutdinov, Timur"]
[Black "Amanov, Zhanibek"]
[WhiteFideId "24176702"]
[BlackFideId "13700189"]
[WhiteElo "2662"]
[BlackElo "2408"]
[Result "0-1"]
[Round "3"]
[TimeControl "180+2"]
[Date "2023.07.04"]
[WhiteClock "0:00:01"]
[BlackClock "0:00:16"]
[Board "65"]

1. e4 c5 2. Nf3 e6 3. d4 cxd4 4. Nxd4 Nf6 5. Nc3 Nc6 6. Ndb5 Bc5 7. Bf4 O-O 8. Bc7 Qe7 9. Bd6 Bxd6 10. Qxd6 Qd8 11. Na3 a6 12. f3 b5 13. Ne2 Ne8 14. Qd2 d5 15. exd5 exd5 16. c3 Nf6 17. Nc2 Re8 18. O-O-O Qa5 19. a3 Ne5 20. Ned4 Bd7 21. Nb4 Qb6 22. Ndc2 Be6 23. Qd4 Qc7 24. Nd3 Nc4 25. Nf4 Rac8 26. Bxc4 bxc4 27. Rhe1 Rb8 28. Nb4 Qb7 29. Rd2 a5 30. Na2 Qb3 31. Kb1 Bf5+ 32. Ka1 Rxe1+ 0-1


[Site "https://www.chess.com"]

[Event "Titled Tuesday Blitz July 4 Early 2023"]
[White "Souleidis, Georgios"]
[Black "Zia, Tahsin Tajwar"]
[WhiteFideId "4206827"]
[BlackFideId "10211888"]
[WhiteElo "2649"]
[BlackElo "2406"]
[Result "1/2-1/2"]
[Round "3"]
[TimeControl "180+2"]
[Date "2023.07.04"]
[WhiteClock "0:00:06"]
[BlackClock "0:00:14"]
[Board "66"]

1. e4 c6 2. d4 d5 3. e5 Bf5 4. h4 Qb6 5. g4 Bd7 6. Nc3 e6 7. h5 h6 8. f4 c5 9. Nf3 Nc6 10. Ne2 cxd4 11. Nexd4 Nxd4 12. Nxd4 Bc5 13. c3 Ne7 14. Rh2 Nc6 15. Be3 Nxd4 16. Bxd4 Rc8 17. Qd2 Bb5 18. Bxb5+ Qxb5 19. O-O-O Bxd4 20. Qxd4 b6 21. Kb1 Rc4 22. Qd2 Kd7 23. g5 Rhc8 24. gxh6 gxh6 25. Ka1 Re4 26. f5 Rxe5 27. fxe6+ fxe6 28. Qxh6 Kd6 29. Qf4 Qc4 30. Rd4 Rg8 31. Rh1 Qe2 32. a3 Rg2 33. Qf8+ Kd7 34. Qf7+ Kd6 35. Rb4 Rf5 36. Qe8 Rf1+ 37. Rxf1 Qxf1+ 38. Ka2 Rg1 39. Qb8+ Kc6 40. Qc8+ Kd6 41. Qb8+ Kc6 42. Qc8+ Kd6 43. Qb8+ 1/2-1/2


[Site "https://www.chess.com"]